 Dungeon Crawl Stone Soup version 0.30.1-11-g7821555f0a (webtiles) character file.

Game seed: 11254391630296876986

157 Marvel the Chopper (level 5, -16/47 HPs)
             Began as a Hill Orc Fighter on Dec 20, 2023.
             Was a Follower of Okawaru.
             Engulfed by a cloud of flame (30 damage)
             ... on level 3 of the Dungeon.
             The game lasted 00:05:17 (2984 turns).

Marvel the Chopper (Hill Orc Fighter)               Turns: 2984, Time: 00:05:18

Health: -16/47     AC:  8    Str: 21    XL:     5   Next: 38%
Magic:  14/14      EV:  9    Int:  8    God:    Okawaru [*.....]
Gold:   161        SH:  4    Dex: 10    Spells: 4/4 levels left

rFire   . . .        a - +0 war axe
rCold   . . .        c - +0 buckler
rNeg    . . .        b - +1 scale mail
rPois   .            (no helmet)
rElec   .            (no cloak)
rCorr   .            (no gloves)
SInv    .            (no boots)
Will    .....        n - amulet of faith Stlth
                     h - ring of magical power
HPRegen 0.27/turn    (no ring)
MPRegen 0.14/turn

%: faith
@: no status effects
A: no striking features
a: Renounce Religion, Heroism


You were on level 3 of the Dungeon.
You worshipped Okawaru.
Okawaru was aware of your devotion.
You visited 2 branches of the dungeon, and saw 5 of its levels.

You collected 161 gold pieces.

Inventory:

Hand Weapons
 a - a +0 war axe (weapon)
Armour
 b - a +1 scale mail (worn)
 c - a +0 buckler (worn)
 s - a +8 chain mail of ponderousness
Jewellery
 h - a ring of magical power (left hand)
 n - an amulet of faith (around neck)
Scrolls
 e - 3 scrolls of teleportation {unknown}
 g - 3 scrolls of identify {unknown}
 i - 3 scrolls of fear {unknown}
 k - a scroll of blinking
Potions
 d - 2 potions of might
 f - 4 potions of curing {unknown}
 l - 2 potions of lignification {unknown}
 o - a potion of degeneration {unknown}
 q - a potion of heal wounds {unknown}
 r - a potion of magic {unknown}


   Skills:
 + Level 4.6 Fighting
 + Level 5.0 Axes
 + Level 4.3 Armour
 + Level 3.8 Shields


You had 4 spell levels left.
You didn't know any spells.
Your spell library contained the following spells:

 Spells                   Type           Power      Damage    Failure   Level
 Shock                    Conj/Air       0%         1d3       80%         1
 Dazzling Flash           Conj/Hex       0%         N/A       99%         3
 Swiftness                Air            0%         N/A       99%         3
 Volatile Blastmotes      Fire/Tloc      0%         2d10      99%         3
 Airstrike                Air            0%         2d(0-16)  100%        4
 Iskenderun's Mystic Bla  Conj/Tloc      0%         2d3       100%        4
 Starburst                Conj/Fire      0%         6d3       100%        6


Dungeon Overview and Level Annotations

Branches:
Dungeon (4/15)             Temple (1/1) D:4

Altars:
Ashenzari
Dithmenos
Gozag
Hepliaklqana
Makhleb
Okawaru
Qazlal
Ru
Trog
Wu Jian
Yredelemnul
The Shining One

Shops:
D:1 (

Annotations:
D:3 Robin


Message History

As you read the scroll labelled UVIQUA UZULL, it crumbles to dust.
You feel aware of your surroundings.
You sensed 2 altars.
It was a scroll of magic mapping.
As you read the scroll labelled ACREFUADIA, it crumbles to dust.
The creatures around you are filled with an inner flame!
It was a scroll of immolation.
Really put on
n - an amulet of faith?
You start putting on your amulet.
You continue putting on your amulet of faith. x2
Grinder blinks!
You continue putting on your amulet of faith. x3
You finish putting on your amulet of faith.
You feel a surge of divine interest.
n - an amulet of faith (around neck)
You enter the shallow water.
Moving in this stuff is going to be slow.
You enter the shallow water.
Moving in this stuff is going to be slow.
Grinder closely misses you.
You barely miss Grinder.
Grinder splashes around in the water.
You closely miss Grinder. Grinder gestures at you.
Pain shoots through your body!
You hit Grinder.
Flame seeps out of Grinder.
Grinder is lightly wounded.
Grinder is engulfed in blazing flames.
Flame seeps out of Grinder.
Grinder blinks!
You slash Grinder!
Flame seeps out of Grinder.
Grinder is heavily wounded.
Grinder is engulfed in blazing flames.
Flame seeps out of Grinder.
Grinder hits you.
You hit Grinder. Okawaru is honoured by your kill.
You can now gain great but temporary skills.
Grinder explodes!
The fiery explosion engulfs you!!
* * * LOW HITPOINT WARNING * * *
You are engulfed in blazing flames.
Ouch! That really hurt!
You die...

,*,~~~~~~~~~~≈~≈≈≈≈≈~≈≈≈≈≈~#
,*,,,,~,,,,~...~~~~~~..~~.~#
,*~~~~~~~~~≈≈≈~≈≈≈≈≈.≈≈≈≈≈.#
,,~~***~,~**♣≈~≈♣♣♣≈~≈♣♣♣≈.#
,,~~* *~~~* ♣≈.≈* ♣≈~≈♣ ♣≈.#
,*~~***~~≈♣♣♣≈.≈♣♣♣≈~≈♣♣♣≈~#
,*~~~~~~,≈≈≈≈≈~≈≈§≈≈.≈≈≈≈≈~#
,*,,~~~~,~.~..§§§~~.~.~~~~.#
,,,,,,,,,.....§°@.##########
*********##########


There were no monsters in sight!

Vanquished Creatures
  Grinder (D:3)
  An iguana (D:4)
  A gnoll (D:1)
  2 adders (D:4)
  An ufetubus (D:4)
  A worm (D:4)
  5 dart slugs
  7 orcs (D:3)
  5 ball pythons (D:1)
  3 endoplasms
  3 giant cockroaches
  11 goblins
  6 hobgoblins
  4 jackals (D:1)
  4 kobolds
  4 quokkas
  9 bats
  A frilled lizard (D:2)
  7 rats
76 creatures vanquished.

Notes
Turn   | Place    | Note
-------+----------+-------------------------------------------
     0 | D:1      | Marvel the Hill Orc Fighter began the quest for the Orb.
     0 | D:1      | Reached XP level 1. HP: 19/19 MP: 1/1
   107 | D:1      | Reached XP level 2. HP: 25/27 MP: 2/2
   395 | D:1      | Found Nygunt's Antique Weapon Shoppe.
   425 | D:1      | Reached skill level 3 in Axes
   616 | D:1      | Reached XP level 3. HP: 33/33 MP: 3/3
  1228 | D:2      | Reached XP level 4. HP: 39/40 MP: 4/4
  1245 | D:2      | Found a faded altar of an unknown god.
  1620 | D:2      | Reached skill level 4 in Axes
  1987 | D:3      | Found a shadowy altar of Dithmenos.
  2248 | D:3      | Found an opulent altar of Gozag.
  2274 | D:3      | Noticed Robin
  2274 | D:3      | Noticed Grinder
  2405 | D:4      | Found a staircase to the Ecumenical Temple.
  2414 | Temple   | Entered the Ecumenical Temple
  2457 | Temple   | Became a worshipper of Warmaster Okawaru
  2508 | D:4      | Reached XP level 5. HP: 45/47 MP: 5/5
  2662 | D:4      | Noticed an ogre
  2807 | D:3      | Reached skill level 5 in Axes
  2814 | D:3      | Found an ornate altar of the Wu Jian Council.
  2984 | D:3      | Killed Grinder
  2984 | D:3      | Reached * piety under Okawaru
  2984 | D:3      | Engulfed by a cloud of flame

Illustrated notes

Levels and vault maps discovered:
D:1:      dpeg_arrival_court, layout_loops_corners, serial_shops,
          nicolae_shop_window_shopping, minmay_three_crescents
D:2:      layout_basic, basic_ecumenical_altar, grunt_ministairs_10,
          kennysheep_donut
D:3:      layout_loops_ring, general_overflow_altar, zin_statuary,
          mainiacjoe_overflow_24_doors, led_sif_book,
          nicolae_dithmenos_shadow_blocks, minivault_4, kennysheep_boxes,
          uniq_robin, uniq_grinder
D:4:      layout_loops_ring, lemuel_zombie_altar_kikubaaqudgha,
          eat_drink_and_be_merry_uskayaw, temple_doors_e
Temple:   kb_temple_of_zot

Skill      XL: |  1  2  3  4  5 |
---------------+----------------+-----
Axes           | 3 4 5 |  5.0
Fighting       | 4 |  4.6
Armour         | 4 |  4.3
Shields        | |  3.8

Action                     |  1- 3 |  4- 6 || total
---------------------------+-------+-------++-------
  Melee: War axe           |   101 |   126 ||   227
    Use: Scroll            |       |     6 ||     6
 Armour: Scale mail        |    87 |    76 ||   163
  Dodge: Dodged            |    69 |    64 ||   133
  Block: Buckler           |    33 |    29 ||    62
